 Dungeon Crawl Stone Soup version 0.21.1-1-g345015f (webtiles) character file.

207 diana the Ducker (level 5, 0/42 HPs)
             Began as a Demonspawn Gladiator on June 4, 2018.
             Slain by an iguana (2 damage)
             ... on level 4 of the Dungeon.
             The game lasted 00:03:42 (3112 turns).

diana the Ducker (Demonspawn Gladiator)             Turns: 3112, Time: 00:03:44

Health: 0/42       AC:  4    Str: 14    XL:     5   Next: 54%
Magic:  0/5        EV: 14    Int: 14    God:
Gold:   196        SH:  0    Dex: 15    Spells: 4/4 levels left

rFire    . . .     SeeInvis .   a - +0 long sword
rCold    . . .     Gourm    .   (no shield)
rNeg     . . .     Faith    .   b - +0 leather armour
rPois    .         Spirit   +   c - +0 helmet
rElec    .         Reflect  .   (no cloak)
rCorr    .         Harm     .   (no gloves)
MR       .....                  (no boots)
Stlth    +.........             (no amulet)
HPRegen  0.14/turn              k - ring of flight
MPRegen  0.18/turn              n - +4 ring of intelligence

@: no status effects
A: magic shield, magic regeneration
a: Evoke Flight


You were on level 4 of the Dungeon.
You were near starving.

You visited 1 branch of the dungeon, and saw 4 of its levels.

You collected 196 gold pieces.

Inventory:

Hand Weapons
 a - a +0 long sword (weapon)
Missiles
 d - 3 throwing nets (quivered)
Armour
 b - a +0 leather armour (worn)
 c - a +0 helmet (worn)
Jewellery
 k - a ring of flight (left hand)
 n - a +4 ring of intelligence (right hand)
Wands
 q - a wand of clouds (3)
Scrolls
 g - 4 scrolls of teleportation {unknown}
 p - a scroll of magic mapping {unknown}
 r - a scroll of amnesia {unknown}
 s - a scroll of enchant weapon {unknown}
Potions
 e - 3 potions of curing {unknown}
 h - 2 potions of heal wounds
 i - a potion of flight {unknown}
 j - a potion of degeneration {unknown}
 l - a potion of invisibility {unknown}
 m - a potion of mutation {unknown}
 o - a potion of resistance {unknown}
Comestibles
 f - 9 rations


   Skills:
 + Level 3.6 Fighting
 + Level 3.9 Long Blades
 - Level 1.7 Throwing
 + Level 4.0 Dodging


You had 4 spell levels left.
You didn't know any spells.

Dungeon Overview and Level Annotations

Branches:
Dungeon (4/15)
 Temple: D:4-7

Altars:


Innate Abilities, Weirdness & Mutations

When hurt, damage is shared between your health and your magic reserves.
You regenerate magic rapidly.


Message History

The iguana is moderately wounded.
The hound bites you. The iguana bites you!
* * * LOW HITPOINT WARNING * * *
The hound bites you.
* * * LOW HITPOINT WARNING * * *
You feel much better. The hound bites you. The iguana barely misses you.
The hound bites you.
You hit the iguana but do no damage.
The iguana is moderately wounded.
The iguana bites you. The hound barely misses you.
You riposte.
You barely miss the hound. The iguana bites you!
* * * LOW HITPOINT WARNING * * *
You closely miss the iguana.
The iguana is moderately wounded.
The hound bites you.
* * * LOW HITPOINT WARNING * * *
The hound bites you.
* * * LOW HITPOINT WARNING * * *
The iguana bites you.
You die...

..................
#####.#..........
....[...........##
#.....#######....
..............#.##
#......######'#..#
#.....)##........##
#...............h[###.#.
#.....###.......@.......
#.....# #.......#l###.#.
#.....# #.......#..#
...... ##########.#
..#### .. .. ... ...
...#


You could see an iguana and a hound.

Vanquished Creatures
  A gnoll (D:1)
  9 adders
  An ooze (D:1)
  3 worms (D:3)
  8 dart slugs
  3 leopard geckos
  6 orcs (D:3)
  A ball python (D:3)
  6 bats
  2 giant cockroaches
  10 goblins
  6 hobgoblins
  7 jackals
  5 frilled lizards
  6 kobolds
  9 rats
83 creatures vanquished.

Notes
Turn   | Place    | Note
-------+----------+-------------------------------------------
     0 | D:1      | diana the Demonspawn Gladiator began the quest for the Orb.
     0 | D:1      | Reached XP level 1. HP: 16/16 MP: 1/1
    53 | D:1      | Gained mutation: When hurt, damage is shared between your health and your magic reserves. [demonic ancestry]
    53 | D:1      | Reached XP level 2. HP: 18/22 MP: 2/2
   356 | D:1      | Reached skill level 3 in Dodging
   457 | D:1      | Reached XP level 3. HP: 23/28 MP: 3/3
  1056 | D:2      | Reached XP level 4. HP: 23/35 MP: 4/4
  1348 | D:2      | HP: 1/35 [poisoned by an adder]
  1710 | D:2      | Gained mutation: You regenerate magic rapidly. [demonic ancestry]
  1710 | D:2      | Reached XP level 5. HP: 33/41 MP: 5/5
  2997 | D:4      | Reached skill level 4 in Dodging
  3112 | D:4      | HP: 2/42 [hound (2)]
  3112 | D:4      | Slain by an iguana

Skill      XL: |  1  2  3  4  5 |
---------------+----------------+-----
Long Blades    | 3 |  3.9
Dodging        | 3 4 |  4.0
Fighting       | 3 |  3.6
Throwing       | |  1.7

Action                   |  1- 3 |  4- 6 || total
-------------------------+-------+-------++-------
Melee: Long sword        |   107 |   157 ||   264
  Use: Potion            |       |     2 ||     2
 Stab: Sleeping          |     1 |     1 ||     2
  Eat: Chunk             |       |     6 ||     6
Armor: Leather armour    |    43 |    50 ||    93
Dodge: Dodged            |   105 |   120 ||   225
       Rpst.: Long sword |    26 |    47 ||    73
